 Dungeon Crawl Stone Soup version 0.27.0-1-g7a089689b8 (webtiles) character file.

Game seed: 4301616076455068408

54 Leibowitz the Skirmisher (level 4, -4/28 HPs)
             Began as a Kobold Fighter on Aug 12, 2021.
             Killed by divine providence
             ... invoked by an orc priest
              (11 damage)
             ... on level 3 of the Dungeon.
             The game lasted 00:04:08 (2395 turns).

Leibowitz the Skirmisher (Kobold Fighter)           Turns: 2395, Time: 00:04:09

Health: -4/28      AC:  6    Str: 13    XL:     4   Next: 12%
Magic:  4/4        EV: 13    Int:  9    God:
Gold:   118        SH:  5    Dex: 15    Spells: 3/3 levels left

rFire    . . .     SeeInvis .   a - +4 short sword (drain)
rCold    . . .     Faith    .   c - +0 buckler
rNeg     . . .     Spirit   .   k - +0 leather armour
rPois    .         Reflect  .   (no helmet)
rElec    .         Harm     .   b - +2 cloak
rCorr    .         Rampage  .   (no gloves)
Will     .....                  (no boots)
Stlth    ++........             (no amulet)
HPRegen  0.09/turn              (no ring)
MPRegen  0.09/turn              (no ring)

@: no status effects
A: small, no large weapons, nightstalker 3
a: no special abilities


You were on level 3 of the Dungeon.
You visited 1 branch of the dungeon, and saw 3 of its levels.

You collected 118 gold pieces.

Inventory:

Hand Weapons
 a - a +4 short sword of draining (weapon)
 e - a +0 rapier of draining
Armour
 b - a +2 cloak (worn)
 c - a +0 buckler (worn)
 k - a +0 leather armour (worn)
Jewellery
 l - a +4 ring of evasion
Scrolls
 f - a scroll of enchant weapon {unknown}
 h - a scroll of teleportation {unknown}
Potions
 d - a potion of might
 g - a potion of ambrosia {unknown}
 i - 2 potions of curing {unknown}
 j - a potion of attraction {unknown}
 m - a potion of resistance {unknown}


   Skills:
 * Level 3.5 Fighting
 * Level 3.4 Short Blades
 * Level 2.8 Armour
 * Level 1.2 Dodging
 * Level 0.8 Stealth
 * Level 2.8 Shields


You had 3 spell levels left.
You didn't know any spells.
Your spell library contained the following spells:

 Spells                   Type           Power      Damage    Failure   Level
 Call Canine Familiar     Summ           0%         N/A       89%         3
 Portal Projectile        Hex/Tloc       0%         N/A       89%         3
 Leda's Liquefaction      Hex/Erth       0%         N/A       100%        4


Dungeon Overview and Level Annotations

Branches:
Dungeon (3/15)

Altars:

Shops:
D:2 !*


Innate Abilities, Weirdness & Mutations

You are small and have problems with some larger weapons.
You are completely attuned to the shadows.


Message History

b - a +2 cloak You start putting on your armour.
You continue putting on your +2 cloak. x4
You finish putting on your +2 cloak.
You see here a rat corpse.
l - a +4 ring of evasion An orc comes into view.
It is wielding a +0 hand axe.
The orc shouts!
You hear a shout! x2
You see here a fizzy ruby potion.
An orc is nearby!
m - a fizzy ruby potion An orc priest comes into view.
It is wielding a +0 dagger.
You block the orc's attack.
The orc priest moves out of view.
You barely miss the orc. You block the orc's attack.
You hit the orc.
The orc is severely wounded.
The orc barely misses you.
The orc priest shouts!
You hit the orc.
You kill the orc!
An orc comes into view. It is wielding a +0 dagger.
Things that are here:
a +0 hand axe; an orc corpse You hit the orc priest.
The orc priest is moderately wounded.
The orc priest calls down the wrath of Beogh upon you.
Beogh smites you!
You hit the orc priest. You drain the orc priest.
The orc priest is almost dead.
The orc priest mumbles some strange prayers to Beogh against you.
Beogh smites you!
* * * LOW HITPOINT WARNING * * *
Unknown command.
You barely miss the orc priest.
The orc priest is almost dead.
An orc comes into view. It is wielding a +0 dagger.
The orc hits you with a +0 dagger.
* * * LOW HITPOINT WARNING * * *
The orc priest mumbles some strange prayers to Beogh against you.
Beogh smites you!
You die...

#.#...##.#†#.#
#......#.....#
#.........#..#
#......#....##
#.#...#......
##.##....##
#.##..#.# #.#
.## #@#
#...oo..#
####.##.. #.#
# #o#


You could see an orc priest (drained) and 2 orcs.

Vanquished Creatures
  An orc (D:3)
  5 bats
  5 endoplasms (D:1)
  2 giant cockroaches
  8 goblins
  4 hobgoblins
  7 jackals (D:1)
  4 quokkas
  2 ball pythons
  2 frilled lizards
  3 kobolds (D:1)
  A rat (D:3)
44 creatures vanquished.

Notes
Turn   | Place    | Note
-------+----------+-------------------------------------------
     0 | D:1      | Leibowitz the Kobold Fighter began the quest for the Orb.
     0 | D:1      | Reached XP level 1. HP: 14/14 MP: 1/1
   361 | D:1      | Reached XP level 2. HP: 19/19 MP: 2/2
   619 | D:1      | Reached XP level 3. HP: 23/23 MP: 3/3
   705 | D:1      | HP: 1/23 [jackal (2)]
  1037 | D:1      | Found a faded altar of an unknown god.
  1541 | D:2      | Reached skill level 1 in Dodging
  1744 | D:2      | Found Mafasez's General Store.
  1776 | D:2      | Reached XP level 4. HP: 28/28 MP: 4/4
  1793 | D:2      | Found Ykemymo's Distillery.
  2395 | D:3      | Killed from afar by an orc priest

Illustrated notes

Levels and vault maps discovered:
D:1:      nzn_arrival_settlement, layout_basic,
          ebering_ecumenical_altar_abandoned
D:2:      layout_basic, serial_shops, shop, nicolae_shop_stone,
          kennysheep_generic_room_10
D:3:      layout_loops_ring, serial_shops, shop, minmay_fountain_box

Skill      XL: |  1  2  3 |
---------------+----------+-----
Short Blades   | 3 |  3.4
Dodging        | 1 |  1.2
Fighting       | |  3.5
Armour         | |  2.8
Stealth        | |  0.8
Shields        | |  2.8

Action                   |  1- 3 |  4- 6 || total
-------------------------+-------+-------++-------
Melee: Rapier            |    25 |       ||    25
       Short sword       |    62 |    13 ||    75
  Use: Scroll            |     2 |       ||     2
       Potion            |     1 |       ||     1
 Stab: Sleeping          |     2 |     1 ||     3
Armor: Scale mail        |    35 |     4 ||    39
Dodge: Dodged            |    38 |     3 ||    41
Block: Buckler           |    25 |     5 ||    30
